Map: Eternal Empire LE

Players

Cryptonz

  • Race: Protoss Protoss
  • Spawn Location: 1:00

Przemeq - Winner!

  • Race: Terran Terran
  • Spawn Location: 7:00

VOD

Have the link to the VOD?

Description

Time

  • Played on: Sept. 27, 2020, 9:52 a.m.
  • Length: 19:25
Show
View Real Time Build Order
Export as new Build Order

Cryptonz Protoss 

Build Orders:  

Get SALT Encoding   

  12  0:01  Probe  
  13  0:13  Probe  
  14  0:20  Pylon  
  14  0:25  Probe  
  15  0:32  Pylon  
  15  0:44  Gateway  
  15  0:49  Probe  
  16  1:00  Forge  
  16  1:05  Probe  
  17  1:16  Pylon  
  17  1:17  Probe  
  18  1:26  Pylon  
  18  1:31  Zealot  
  20  1:47  Photon Cannon  
  20  1:58  Photon Cannon, Zealot  
  22  2:13  Cybernetics Core  
  22  2:25  Photon Cannon  
  22  2:26  Zealot  
  24  2:35  Photon Cannon  
  24  2:40  Pylon  
  24  2:41  Probe  
  25  2:53  Probe  
  25  2:55  Photon Cannon  
  26  3:00  Zealot  
  28  3:07  Assimilator  
  28  3:11  Assimilator  
  28  3:16  Probe  
  29  3:28  Probe  
  29  3:30  Photon Cannon  
  30  3:58  Nexus  
  30  4:01  Probe  
  31  4:15  Pylon  
  31  4:22  Photon Cannon  
  31  4:32  Shield Battery  
  31  4:40  Shield Battery  
  31  4:42  Probe  
  32  4:54  Probe  
  32  4:58  Pylon  
  33  5:06  Probe  
  34  5:09  Photon Cannon  
  34  5:18  Probe  
  35  5:22  Probe  
  36  5:30  Probe  
  36  5:34  Probe  
  38  5:38  Photon Cannon  
  39  5:42  Probe  
  39  5:44  Shield Battery  
  39  5:46  Probe  
  40  5:51  Pylon  
  40  5:52  Stalker  
  40  5:54  Probe  
  43  5:58  Probe  
  44  6:09  Photon Cannon  
  44  6:11  Probe  
  45  6:12  Shield Battery  
  45  6:18  Photon Cannon  
  45  6:22  Stalker  
  47  6:26  Protoss Ground Weapons Level 1, Pylon  
  47  6:32  Pylon  
  47  6:33  Probe  
  48  6:42  Assimilator  
  48  6:44  Assimilator  
  48  6:45  Probe  
  49  6:52  Stalker  
  51  6:57  Probe  
  52  7:03  Probe  
  53  7:09  Probe  
  53  7:13  Photon Cannon  
  53  7:15  Probe  
  55  7:21  Stargate, Probe  
  56  7:24  Stargate  
  56  7:27  Probe  
  57  7:30  Stargate  
  57  7:33  Probe  
  57  7:35  Stalker  
  60  7:39  Probe  
  60  7:42  Pylon  
  61  7:45  Probe  
  61  7:46  Pylon  
  61  7:50  Pylon  
  62  7:51  Probe  
  63  8:01  Shield Battery  
  63  8:03  Probe  
  64  8:06  Shield Battery  
  64  8:07  Protoss Air Weapons Level 1  
  64  8:10  Stalker  
  66  8:15  Pylon  
  66  8:24  Fleet Beacon  
  55  8:42  Pylon  
  53  8:50  Pylon  
  53  8:55  Pylon  
  53  8:56  Probe  
  54  9:05  Pylon  
  54  9:08  Probe  
  54  9:09  Stalker  
  57  9:12  Tempest  
  57  9:13  Photon Cannon  
  57  9:15  Tempest  
  67  9:20  Probe  
  67  9:23  Tempest  
  73  9:32  Photon Cannon  
  73  9:38  Photon Cannon  
  73  9:39  Stalker  
  73  9:44  Photon Cannon  
  75  9:50  Photon Cannon  
  75  9:57  Pylon  
  75  10:00  Tempest  
  80  10:11  Shield Battery  
  80  10:14  Shield Battery  
  80  10:22  Shield Battery  
  80  10:25  Photon Cannon  
  80  10:26  Stalker  
  82  10:34  Tempest  
  87  10:38  Shield Battery  
  87  11:06  Tempest  
  87  11:08  Tempest  
  97  11:31  Photon Cannon  
  97  11:32  Protoss Air Weapons Level 2  
  97  11:34  Tempest  
  97  11:35  Photon Cannon  
  102  11:43  Shield Battery  
  102  11:46  Pylon  
  102  11:53  Photon Cannon  
  102  12:08  Photon Cannon  
  102  12:13  Zealot  
  104  12:21  Tempest  
  109  12:39  Tempest  
  116  12:51  Unknown, Tempest  
  119  13:07  Stalker  
  119  13:13  Nexus  
  117  13:36  Stalker  
  117  13:38  Pylon  
  119  13:41  Pylon  
  119  13:45  Pylon  
  119  13:48  Pylon  
  119  13:51  Pylon  
  119  13:54  Pylon  
  119  13:56  Pylon  
  119  14:06  Stalker  
  119  14:07  Pylon  
  121  14:17  Photon Cannon  
  121  14:20  Tempest  
  121  14:21  Photon Cannon  
  124  14:30  Photon Cannon  
  124  14:32  Pylon  
  124  14:33  Shield Battery  
  124  14:36  Stalker, Probe  
  125  14:44  Photon Cannon  
  125  14:47  Shield Battery  
  125  14:51  Pylon  
  125  14:58  Photon Cannon  
  125  15:02  Photon Cannon  
  125  15:13  Photon Cannon  
  125  15:17  Pylon  
  125  15:30  Photon Cannon  
  125  15:33  Shield Battery  
  125  15:39  Pylon, Tempest  
  130  15:44  Protoss Ground Armor Level 1  
  130  15:53  Photon Cannon  
  130  16:02  Photon Cannon  
  130  16:10  Photon Cannon  
  130  16:16  Photon Cannon  
  130  16:24  Pylon  
  36  17:19  Pylon  
  28  17:25  Pylon  
  28  17:30  Photon Cannon  
  28  17:34  Photon Cannon  
  27  17:38  Shield Battery  
  27  17:43  Photon Cannon  
  27  17:45  Photon Cannon  
  27  17:47  Shield Battery  
  27  17:51  Photon Cannon  
  27  17:55  Photon Cannon  
  25  18:00  Pylon  
  20  18:21  Stalker  
Show
View Real Time Build Order
Export as new Build Order

Przemeq Terran - Winner!

Build Orders:  

Get SALT Encoding   

  12  0:00  SCV  
  13  0:13  SCV  
  14  0:19  Supply Depot  
  14  0:25  SCV  
  15  0:40  SCV  
  15  0:41  Barracks  
  16  0:47  Refinery  
  16  0:52  SCV  
  17  1:04  SCV  
  18  1:17  SCV  
  19  1:29  SCV  
  20  1:41  SCV  
  21  1:51  Reaper  
  21  1:53  Command Center  
  22  1:55  SCV  
  23  2:17  Supply Depot  
  23  2:29  Factory  
  23  2:39  SCV  
  24  2:46  Refinery  
  24  2:51  SCV  
  25  3:03  SCV  
  26  3:06  Supply Depot  
  26  3:08  Barracks Reactor  
  26  3:12  SCV  
  27  3:17  Orbital Command  
  27  3:24  SCV  
  27  3:25  Factory Tech Lab  
  28  3:30  Supply Depot  
  28  3:36  SCV  
  29  3:42  SCV  
  29  3:48  SCV  
  31  3:53  Supply Depot, Starport  
  31  3:54  SCV  
  32  3:58  Cyclone  
  32  4:00  SCV  
  36  4:07  SCV  
  37  4:12  SCV  
  37  4:19  SCV  
  38  4:24  SCV  
  38  4:27  Refinery  
  38  4:31  SCV  
  40  4:34  Bunker  
  40  4:35  Marine x2  
  40  4:36  SCV  
  43  4:43  SCV  
  43  4:44  Fusion Core  
  44  4:48  Armory  
  44  4:49  SCV  
  45  4:53  Marine x2  
  45  4:55  SCV  
  45  4:58  Cyclone  
  51  5:01  SCV  
  51  5:04  Refinery  
  52  5:07  SCV  
  52  5:13  SCV  
  54  5:19  Starport Tech Lab, SCV  
  55  5:25  SCV  
  56  5:31  SCV, Marine x2  
  59  5:37  SCV  
  59  5:40  Supply Depot  
  59  5:42  Battlecruiser  
  66  5:43  Weapon Refit, SCV  
  66  5:48  Marine  
  66  5:49  SCV, Marine  
  70  6:00  Command Center  
  70  6:02  Orbital Command  
  70  6:03  Supply Depot  
  70  6:08  Terran Vehicle And Ship Armor Level 1  
  70  6:15  Bunker  
  70  6:50  Supply Depot  
  70  6:52  Battlecruiser  
  76  7:12  Supply Depot  
  76  7:21  Orbital Command  
  76  7:28  SCV x2  
  78  7:35  Refinery  
  78  7:40  SCV x2  
  80  7:44  Supply Depot  
  80  7:52  SCV x2  
  80  7:56  Battlecruiser  
  88  8:04  SCV x2  
  90  8:07  Supply Depot  
  90  8:12  Starport  
  90  8:16  SCV x2  
  92  8:31  Supply Depot  
  92  8:52  Terran Ship Weapons Level 1  
  92  8:55  Supply Depot  
  92  8:56  Starport Tech Lab  
  92  9:00  Raven  
  94  9:19  Refinery  
  94  9:20  Battlecruiser  
  100  9:49  Battlecruiser  
  106  10:24  Battlecruiser, Starport  
  112  10:46  Terran Vehicle And Ship Armor Level 2  
  112  10:53  Battlecruiser  
  118  11:04  Starport Reactor  
  118  11:28  Battlecruiser  
  124  11:51  Corvid Reactor  
  124  11:57  Battlecruiser  
  130  12:09  Starport Tech Lab  
  130  12:30  Supply Depot  
  130  12:33  Battlecruiser  
  136  12:53  Supply Depot  
  136  13:01  Battlecruiser  
  142  13:07  Battlecruiser  
  142  13:11  Terran Vehicle And Ship Armor Level 3  
  148  13:16  Supply Depot  
  148  13:37  Battlecruiser  
  148  13:39  Supply Depot  
  154  13:51  Armory  
  154  13:53  Command Center  
  154  14:03  Supply Depot  
  154  14:06  Battlecruiser  
  160  14:11  Battlecruiser  
  164  14:25  Supply Depot  
  164  14:40  Command Center  
  164  14:41  Battlecruiser  
  170  14:56  Terran Ship Weapons Level 2  
  170  15:10  Battlecruiser  
  176  15:16  Battlecruiser  
  182  15:45  Battlecruiser  
  188  16:14  Battlecruiser  
  194  16:20  Battlecruiser  
  152  17:15  Battlecruiser  
  152  17:18  Battlecruiser  
  158  17:24  Battlecruiser  
  156  18:20  Battlecruiser  
Tags
 
Add a new tag
Caveats
  • Supply blocks, unpowered buildings, or Contaminate may cause inaccurate times.
  • Supply counts are checked every 10 seconds.